 Dungeon Crawl Stone Soup version 0.30.1-11-g7821555f0a (webtiles) character file.

Game seed: 10859410528390904901

214220 Ijustatesigmund the Earth Mage (level 18, -3/116 HPs)
             Began as a Gargoyle Earth Elementalist on Nov 3, 2023.
             Was the Champion of Vehumet.
             Slain by Polyphemus (24 damage)
             ... on level 2 of the Shoals on Nov 6, 2023.
             The game lasted 02:05:43 (44865 turns).

Ijustatesigmund the Earth Mage (GrEE)              Turns: 44865, Time: 02:05:45

Health: -3/116     AC: 25    Str: 16    XL:     18   Next: 98%
Magic:  41/45      EV: 20    Int: 30    God:    Vehumet [******]
Gold:   2229       SH: 14    Dex: 12    Spells: 12/46 levels left

rFire   + + +        i - +8 eveningstar (protect)
rCold   + . .        h - +0 tower shield {reflect}
rNeg    + . .        A - +1 robe of the Old and Reckless {Int+2 Slay+2}
rPois   ∞            F - +2 helmet
rElec   +            y - scarf of Ucsit {rC+ rF+, +Inv}
rCorr   +            j - +0 pair of gloves "Ruicsec" {Str+2 SInv}
SInv    +            w - +1 pair of boots
Will    +....        s - amulet "Kiunus" {Regen+ rCorr MP+9 Int+3}
Stlth   ++           g - ring of Grontol {Wiz rF++ Dex+3}
HPRegen 1.19/turn    q - ring of the Hare {EV+10}
MPRegen 0.29/turn

%: reflection, wizardry (x1)
@: flying
A: sickness immunity, AC +13, big wings, negative energy resistance 1,
electricity resistance, torment resistance 1, petrification resistance,
iridescent scales 1, clever 1, screaming 1
}: 1/15 runes: serpentine
a: Renounce Religion, Evoke Invisibility


You were on level 2 of the Shoals.
You worshipped Vehumet.
Vehumet was exalted by your worship.
You visited 7 branches of the dungeon, and saw 31 of its levels.
You also visited: Bailey, Gauntlet and Ice Cave.

You collected 4220 gold pieces.
You spent 1991 gold pieces at shops.

Inventory:

Hand Weapons
 d - a +9 heavy flail
 i - a +8 eveningstar of protection (weapon)
Missiles
 R - 2 throwing nets
Armour
 h - a +0 tower shield of reflection (worn)
 j - the +0 pair of gloves "Ruicsec" (worn) {Str+2 SInv}
   (You acquired it in a Gauntlet)

   Str:       It affects your strength (+2).
   SInv:      It lets you see invisible.
 t - a +2 robe of resistance
 w - a +1 pair of boots (worn)
 y - the scarf of Ucsit (worn) {rC+ rF+, +Inv}
   (You acquired it in a bailey)

   +Inv:      It lets you turn invisible.
 A - the +1 robe of the Old and Reckless (worn) {Int+2 Slay+2}
   (You bought it in a shop on level 1 of the Snake Pit)

   Int:       It affects your intelligence (+2).
   Slay:      It affects your accuracy & damage with ranged weapons and melee
   (+2).
 F - a +2 helmet (worn)
 O - a +2 buckler of fire resistance
Magical Staves
 o - a staff of conjuration
 T - the staff of earth "Keafra" {rF+}
   (You found it in a Gauntlet)

   [staff of earth]

   Base accuracy: +5 Base damage: 5 Base attack delay: 1.2 This weapon's minimum
   attack delay (0.6) is reached at skill level 12.
   rF:        It protects you from fire.
   It falls into the 'Staves' category.
   It is a one-handed weapon.
Jewellery
 g - the ring of Grontol (left hand) {Wiz rF++ Dex+3}
   (You bought it in a shop on level 2 of the Orcish Mines)

   [ring of wizardry]

   It improves your spell success rate.
   Dex:       It affects your dexterity (+3).
   rF:        It greatly protects you from fire.
 l - an amulet of magic regeneration
 q - the ring of the Hare (right hand) {EV+10}
   (You found it in a Gauntlet)

   [ring of evasion]

   EV:        It affects your evasion (+10).
 s - the amulet "Kiunus" (around neck) {Regen+ rCorr MP+9 Int+3}
   (You acquired it in a bailey)

   [amulet of regeneration]

   Int:       It affects your intelligence (+3).
   MP:        It affects your magic capacity (+9).
   Regen:     It increases your rate of health regeneration.
   rCorr:     It protects you from acid and corrosion.
 I - a ring of fire
 Q - the amulet "Miqu" {rElec rC- Regen+ Str+4 Dex+2}
   (You found it in a Gauntlet)

   [amulet of regeneration]

   Str:       It affects your strength (+4).
   Dex:       It affects your dexterity (+2).
   rC:        It makes you vulnerable to cold.
   rElec:     It insulates you from electricity.
   Regen:     It increases your rate of health regeneration.
 W - a +4 ring of slaying
 X - the ring "Aczes" {rC+ Will++ rCorr Str+9 Int-4}
   (You acquired it on level 4 of the Snake Pit)

   [ring of protection from cold]

   Str:       It affects your strength (+9).
   Int:       It affects your intelligence (-4).
   rC:        It protects you from cold.
   rCorr:     It protects you from acid and corrosion.
   Will:      It greatly increases your willpower.
Wands
 b - a wand of charming (23)
 f - a wand of light (2)
 D - a wand of polymorph (10)
 G - a wand of flame (6)
 K - a wand of roots (19)
 L - a wand of mindburst (31)
 S - a wand of digging (5)
Scrolls
 e - 2 scrolls of teleportation
 r - 5 scrolls of fog
 v - 4 scrolls of fear
 E - 6 scrolls of amnesia
 M - 2 scrolls of blinking
 P - 6 scrolls of silence
 U - 3 scrolls of immolation
 Y - 14 scrolls of identify
 Z - a scroll of poison
Potions
 a - 7 potions of mutation
 c - 15 potions of curing
 k - a potion of haste
 m - 2 potions of heal wounds
 n - 7 potions of lignification
 p - 4 potions of brilliance
 u - 7 potions of flight
 x - 2 potions of berserk rage
 z - 2 potions of resistance
 B - 4 potions of attraction
 C - 3 potions of might
 J - 7 potions of cancellation
 N - 4 potions of ambrosia
Miscellaneous
 H - a phantom mirror


   Skills:
 + Level 14.0 Fighting
 + Level 10.7 Maces & Flails
 - Level 4.0 Armour
 - Level 4.2 Dodging
 - Level 2.1 Stealth
 - Level 7.7 Shields
 + Level 14.8 Spellcasting
 + Level 16.1 Conjurations
 - Level 3.7 Necromancy
 - Level 2.0 Translocations
 - Level 2.8 Transmutations
 + Level 8.8 Fire Magic
 - Level 2.5 Air Magic
 + Level 16.1 Earth Magic
 - Level 3.1 Poison Magic
 + Level 6.1 Evocations


You had 12 spell levels left.
You knew the following spells:

 Your Spells              Type           Power      Damage    Failure   Level
a - Sandblast             Erth           100%       2d20      0%          1
b - Stone Arrow           Conj/Erth      100%       3d13      1%          3
c - Fireball              Conj/Fire      38%        3d16      1%          5
d - Mephitic Cloud        Conj/Pois/Air  60%        N/A       1%          3
e - Dispel Undead         Necr           44%        3d17      13%         4
f - Iskenderun's Mystic   Conj/Tloc      67%        2d14      1%          4
g - Iskenderun's Battles  Conj           87%        2d13      1%          5
h - Ignite Poison         Fire/Tmut/Pois 51%        N/A       1%          3
i - Starburst             Conj/Fire      38%        6d11      1%          6

Your spell library contained the following spells:

 Spells                   Type           Power      Damage    Failure   Level
 Spellforged Servitor     Conj/Summ      31%        N/A       41%         7
 Beastly Appendage        Tmut           78%        N/A       1%          1
 Necrotise                Necr           100%       1d9       1%          1
 Passwall                 Tmut/Erth      56%        N/A       1%          2
 Poisonous Vapours        Pois/Air       78%        N/A       1%          2
 Petrify                  Tmut/Erth      68%        N/A       1%          4
 Orb of Destruction       Conj           43%        9d12      2%          7
 Wereblood                Tmut           39%        N/A       3%          2
 Vampiric Draining        Necr           44%        2d9       4%          3
 Olgreb's Toxic Radiance  Pois           41%        N/A       4%          4
 Freezing Cloud           Conj/Ice/Air   28%        6-21      4%          5
 Spider Form              Tmut/Pois      40%        N/A       6%          3
 Conjure Ball Lightning   Conj/Air       34%        3x3d11    6%          6
 Gell's Gravitas          Tloc           34%        N/A       9%          3
 Teleport Other           Tloc           34%        N/A       9%          3
 Ensorcelled Hibernation  Hex/Ice        44%        N/A       10%         2
 Call Canine Familiar     Summ           22%        N/A       19%         3
 Anguish                  Hex/Necr       16%        N/A       26%         4
 Agony                    Necr           44%        N/A       34%         5
 Cause Fear               Hex            11%        N/A       50%         4
 Death Channel            Necr           22%        N/A       87%         6
 Ignition                 Fire           33%        3d10      89%         8
 Dispersal                Tloc           17%        N/A       98%         6
 Dragon Form              Tmut           19%        N/A       100%        7
 Haunt                    Necr/Summ      16%        N/A       100%        7
 Discord                  Hex            11%        N/A       100%        8
 Dragon's Call            Summ           11%        N/A       100%        9
 Cigotuvi's Dreadful Rot  Necr/Pois/Air  Unusable   N/A       N/A         2

Dungeon Overview and Level Annotations

Branches:
Dungeon (15/15)            Temple (1/1) D:6            Lair (5/5) D:10
 Shoals (2/4) Lair:3        Snake (4/4) Lair:2        Slime (0/5) Lair:4
    Orc (2/2) D:9             Elf (0/3) Orc:2        Vaults (0/5) D:13
 Depths (2/4) D:15         Bailey (visited)           IceCv (visited)
Gauntlet (visited)

Altars:
Ashenzari
Cheibriados
Dithmenos
Elyvilon
Fedhas
Gozag
Hepliaklqana
Kikubaaqudgha
Makhleb
Nemelex Xobeh
Okawaru
Qazlal
Ru
Sif Muna
Trog
Uskayaw
Vehumet
Wu Jian
Xom
Yredelemnul
Zin
The Shining One

Shops:
D:1 ?   Orc:2 =!(((   Snake:1 [   Snake:2 [

Annotations:
D:3 Robin
D:5 1 runed translucent door, HourglassMan's ghost, amateur MiHu
D:11 exclusion: orange crystal statue
Shoals:2 Polyphemus
Snake:2 2 transporters, robbje's ghost, adept HuNe


Innate Abilities, Weirdness & Mutations

You are immune to sickness and miasma.
Your stone body is resilient. (AC +13)
You are immune to poison.
Your large and strong wings let you fly.
You resist negative energy. (rN+)
You are resistant to electric shocks. (rElec)
You are resistant to unholy torment.
You are immune to petrification.
You are partially covered in iridescent scales. (AC +2)
Your mind is acute. (Int +4, Str/Dex -1)
You occasionally shout uncontrollably at your foes.


Message History

The death yak is almost dead.
The dream sheep bleats!
The death yak is engulfed in a cloud of scalding steam.
You kill the death yak!
Vehumet accepts your kill. You block the death yak's attack.
Polyphemus is engulfed in a cloud of scalding steam.
Polyphemus misses you. You block Polyphemus's attack. The death yak gores you!!
Casting: Starburst (dangerous; 1% risk of failure)
Confirm with . or Enter, or press ? or * to list all spells.
Casting: Starburst (dangerous; 1% risk of failure)
Press: ? - help, Dir - look around, f - activate The bolt of fire hits Polyphemus!!
Polyphemus is heavily wounded.
The bolt of fire hits the death yak!!!
You kill the death yak!
Vehumet accepts your kill.
You feel your power returning.
The bolt of fire hits the death yak!!
The death yak is almost dead.
Polyphemus is engulfed in a cloud of scalding steam.
You block Polyphemus's attack. Polyphemus hits you!
* * * LOW HITPOINT WARNING * * *
The death yak closely misses you.
A cyclops comes into view.
Casting: Starburst (dangerous; 1% risk of failure)
Confirm with . or Enter, or press ? or * to list all spells.
Casting: Starburst (dangerous; 1% risk of failure)
Press: ? - help, Dir - look around, f - activate The bolt of fire hits the death yak!!
You kill the death yak!
Vehumet accepts your kill.
The bolt of fire hits Polyphemus!!!
Polyphemus is almost dead.
The bolt of fire hits the dream sheep!!!
You kill the dream sheep!
Vehumet accepts your kill.
You feel your power returning.
Polyphemus is engulfed in a cloud of scalding steam.
Polyphemus hits you!!
You die...

~~~~~.. ...##
≈≈~.P.. ......##.
P~~.$.. ...!.....
~~~~P..###........
~~PPPP..##........
~PPPPP.P..........
~~PPPP.<§....§...~
~..PP~...§.§~§..~~
PP..P§§..†@C§§...~
P..~~~~~.†.§~.....
...~~~~..§§§§.....
....~~~§.~§≈§§....
......§~~§§≈≈≈§≈~~
.##..$....~~~≈≈Y~.
##......~~~~≈Y..
.........~~~~C.


You could see Polyphemus.

Vanquished Creatures
  Vashnia (Snake:4)
  Mlioglotl (Snake:4)
  A tengu reaver (Depths:2)
  A fire giant (D:15)
  9 nagarajas
  Louise (D:14)
  Aizul (Snake:2)
  2 frost giants
  A juggernaut zombie (Depths:1)
  An ironbound preserver (D:13)
  5 very ugly things (Depths:2)
  4 stone giants
  A minotaur (Gauntlet)
  5 dire elephants (Lair:5)
  Snorg (Lair:5)
  5 ettins
  2 fire dragons (Depths:2)
  An ice dragon (Depths:2)
  4 salamander tyrants (Snake:4)
  10 hydras
  3 rakshasas
  5 centaur warriors
  3 catoblepae
  5 two-headed ogres
  15 anacondas
  19 death yaks
  A vampire mage (Depths:2)
  An alligator snapping turtle (Shoals:1)
  4 tengu warriors
  A merfolk aquamancer (Shoals:1)
  17 naga warriors
  3 boulder beetles
  6 orc high priests
  7 shock serpents
  12 naga sharpshooters
  Nergalle (Lair:2)
  A spectral dire elephant (Lair:5)
  4 skysharks
  2 salamander mystics (Snake:2)
  A skeletal warrior (D:13)
  4 sea snakes (Shoals:1)
  A spectral anaconda (Lair:5)
  8 naga ritualists
  10 harpies (Shoals:1)
  An obsidian statue (Lair:5)
  6 mana vipers
  Pikel (D:7)
  11 orc knights
  4 necromancers
  4 deep elf pyromancers
  14 ugly things
  An orc sorcerer (Orc:2)
  A faun (Shoals:1)
  A dire elephant zombie (Lair:5)
  5 manticores
  4 ice statues
  16 salamanders
  7 cyclopes
  2 merfolk sirens (Shoals:1)
  12 guardian serpents
  16 elephants
  2 torpor snails
  20 black mambas
  12 naga magi
  An apocalypse crab (Gauntlet)
  A water nymph (Shoals:1)
  A gargoyle (D:12)
  5 cane toads
  3 rime drakes
  2 kobold demonologists
  A yaktaur (D:15)
  7 komodo dragons
  A dire elephant skeleton (Lair:5)
  An anaconda simulacrum (IceCv)
  3 efreet (D:15)
  A tengu conjurer (Depths:2)
  4 merfolk
  2 polar bears
  2 wind drakes (Shoals:1)
  3 trolls
  2 hornets
  2 dream sheep (Shoals:2)
  A snapping turtle (Shoals:1)
  33 blink frogs
  Sigmund (D:2)
  A spriggan (Lair:5)
  7 water elementals (Shoals:1)
  20 slime creatures
  2 wyverns
  6 shadows
  2 vampires
  A human (shapeshifter) (D:15)
  8 basilisks
  41 yaks
  3 vampire mosquitoes (D:13)
  2 death yak simulacra
  Menkaure (D:6)
  A steam dragon (D:8)
  Edmund (D:6)
  A harpy simulacrum (IceCv)
  3 spectral cane toads (Lair:5)
  5 wargs
  An acid dragon (D:9)
  A glowing shapeshifter zombie (Depths:1)
  56 nagas
  A hydra simulacrum (IceCv)
  11 water moccasins
  2 black bears
  39 orc warriors
  2 sky beasts
  3 elephant zombies (Lair:5)
  6 wolves (Lair:1)
  7 ogres
  8 centaurs
  A lemure (D:7)
  3 phantoms
  3 kobold brigands
  4 scorpions
  4 bullfrogs
  A cane toad simulacrum (IceCv)
  17 wights
  3 elephant simulacra
  14 killer bees
  5 howler monkeys
  11 electric eels
  3 lava snakes (Lair:2)
  A hound (D:5)
  A jelly (D:5)
  26 orc priests
  2 gnoll boudas
  2 iguanas (D:5)
  16 orc wizards
  5 polar bear simulacra (Lair:2)
  2 yak simulacra (Lair:2)
  4 wolf simulacra
  12 gnolls
  6 adders
  A shadow imp (D:5)
  2 ufetubi
  2 worms
  91 orcs
  4 bats
  8 endoplasms
  4 giant cockroaches
  20 goblins
  13 hobgoblins
  7 jackals
  16 kobolds
  3 quokkas
  4 ball pythons
  A frilled lizard (D:1)
  6 rats
  2 river rat simulacra (Lair:2)
980 creatures vanquished.

Vanquished Creatures (collateral kills)
  A naga warrior (Snake:4)
  A mana viper (Snake:4)
  A guardian serpent (Snake:4)
  2 salamanders (Snake:2)
  A black mamba (Snake:4)
  2 nagas (Snake:4)
  2 orc warriors (Orc:2)
  An orc priest (Orc:2)
  A gnoll (D:4)
  An adder (D:4)
  A goblin (D:4)
14 creatures vanquished.

Vanquished Creatures (others)
  A merfolk aquamancer (Shoals:1)
  An ugly thing (IceCv)
  A black mamba (Snake:4)
  A naga (Snake:4)
  2 gnolls (D:4)
  An ufetubus (D:4)
  An orc (Orc:2)
  5 starspawn tentacles (Snake:4)
13 creatures vanquished.

Grand Total: 1007 creatures vanquished

Notes
Turn   | Place    | Note
-------+----------+-------------------------------------------
     0 | D:1      | Ijustatesigmund the Gargoyle Earth Elementalist began the
                  | quest for the Orb.
     0 | D:1      | Reached XP level 1. HP: 10/10 MP: 3/3
   481 | D:1      | Reached XP level 2. HP: 16/16 MP: 3/5
   482 | D:1      | Reached skill level 1 in Fighting
  1031 | D:1      | Found Otrimej's Magic Scroll Boutique.
  1271 | D:2      | Noticed Sigmund
  1334 | D:2      | Reached XP level 3. HP: 20/20 MP: 4/6
  1338 | D:2      | Learned a level 3 spell: Stone Arrow
  1471 | D:3      | Reached skill level 1 in Conjurations
  1681 | D:3      | Identified the +1 helmet of Evolution {Str+3}
  1681 | D:3      | Noticed Robin
  1691 | D:4      | Noticed a black bear
  1703 | D:4      | Killed a black bear
  1704 | D:4      | Reached XP level 4. HP: 21/25 MP: 3/8
  1704 | D:4      | Reached XP level 5. HP: 25/29 MP: 3/9
  2232 | D:4      | Reached skill level 5 in Earth Magic
  2232 | D:4      | Reached XP level 6. HP: 34/35 MP: 2/10
  2415 | D:4      | Reached skill level 1 in Maces & Flails
  3618 | D:5      | Entered Level 5 of the Dungeon
  3648 | D:5      | Reached XP level 7. HP: 40/40 MP: 8/12
  4709 | D:5      | Found a runed translucent door.
  4716 | D:5      | Learned a level 5 spell: Fireball
  4716 | D:5      | Noticed HourglassMan's ghost (amateur MiHu)
  4976 | D:5      | Reached XP level 8. HP: 46/46 MP: 7/14
  5052 | D:5      | Reached skill level 1 in Fire Magic
  5141 | D:5      | Reached skill level 5 in Conjurations
  6439 | D:2      | Killed Sigmund
  6440 | D:2      | Reached skill level 5 in Spellcasting
  7820 | D:6      | Reached XP level 9. HP: 47/50 MP: 4/17
  8358 | D:6      | Noticed Edmund
  8361 | D:6      | Killed Edmund
  8662 | D:6      | Found a staircase to the Ecumenical Temple.
  8671 | Temple   | Entered the Ecumenical Temple
  8676 | Temple   | Became a worshipper of Vehumet
  8851 | D:6      | Noticed Menkaure
  8853 | D:6      | Killed Menkaure
  9111 | D:6      | Reached skill level 5 in Fire Magic
 10670 | D:7      | Noticed Pikel
 10691 | D:7      | Killed Pikel
 10773 | D:7      | Found a snail-covered altar of Cheibriados.
 10773 | D:7      | Found a glowing silver altar of Zin.
 10791 | D:7      | Found an ancient bone altar of Kikubaaqudgha.
 10863 | D:7      | Reached XP level 10. HP: 56/56 MP: 10/20
 10974 | D:8      | Reached * piety under Vehumet
 10974 | D:8      | Offered knowledge of Shock by Vehumet.
 11005 | D:8      | Found a flagged portal.
 11045 | Bailey   | Entered a bailey
 11055 | Bailey   | Learned a level 3 spell: Mephitic Cloud
 11345 | Bailey   | Reached skill level 1 in Poison Magic
 11411 | Bailey   | Noticed an orc knight
 11412 | Bailey   | Reached skill level 1 in Air Magic
 11427 | Bailey   | Killed an orc knight
 11574 | Bailey   | Noticed an orc high priest
 11585 | Bailey   | Killed an orc high priest
 11698 | Bailey   | Noticed a kobold demonologist
 11705 | Bailey   | Killed a kobold demonologist
 11846 | Bailey   | Acquired the amulet "Kiunus" {Regen+ rCorr MP+9 Int+3}
 11946 | Bailey   | Reached skill level 5 in Fighting
 12025 | Bailey   | Found an iron altar of Okawaru.
 12100 | Bailey   | Acquired the scarf of Ucsit {rC+ rF+, +Inv}
 12188 | Bailey   | Offered knowledge of Kiss of Death by Vehumet.
 12434 | D:8      | Learned a level 4 spell: Dispel Undead
 12468 | D:8      | Reached ** piety under Vehumet
 12594 | D:8      | Reached XP level 11. HP: 64/64 MP: 23/23
 12934 | D:8      | Reached skill level 1 in Necromancy
 13377 | D:9      | Found a staircase to the Orcish Mines.
 13681 | D:9      | Noticed a two-headed ogre
 13687 | D:9      | Killed a two-headed ogre
 14125 | D:10     | Entered Level 10 of the Dungeon
 14321 | D:10     | Found an iron altar of Okawaru.
 14341 | D:10     | Found a staircase to the Lair.
 14368 | D:10     | Found a hazy altar of Hepliaklqana.
 14493 | D:10     | Offered knowledge of Searing Ray by Vehumet.
 14857 | D:11     | Reached *** piety under Vehumet
 15047 | D:11     | Noticed an orange crystal statue
 15231 | D:11     | You fall into a shaft and drop 3 floors!
 15247 | D:14     | Noticed a centaur warrior
 15270 | D:14     | Noticed a cyclops
 15274 | D:14     | Killed a cyclops
 15288 | D:13     | Noticed a cyclops
 15294 | D:13     | Killed a cyclops
 15295 | D:13     | Reached skill level 5 in Maces & Flails
 15686 | D:13     | Reached XP level 12. HP: 71/72 MP: 25/25
 15909 | D:11     | Offered knowledge of Iskenderun's Mystic Blast by Vehumet.
 15919 | D:11     | Learned a level 4 spell: Iskenderun's Mystic Blast
 16352 | D:11     | Reached skill level 1 in Translocations
 16354 | D:11     | Reached skill level 1 in Evocations
 16702 | D:12     | Noticed a boulder beetle
 16716 | D:12     | Killed a boulder beetle
 17606 | D:12     | Identified the +1 scale mail of Altruism {*Slow rPois rF+
                  | rC+}
 17924 | D:12     | Gained mutation: You occasionally shout uncontrollably at
                  | your foes. [potion of mutation]
 17924 | D:12     | Gained mutation: Your mind is acute. (Int +4, Str/Dex -1)
                  | [potion of mutation]
 17924 | D:12     | Gained mutation: You are partially covered in iridescent
                  | scales. (AC +2) [potion of mutation]
 17931 | D:12     | Learned a level 5 spell: Iskenderun's Battlesphere
 18258 | D:13     | Noticed a centaur warrior
 18265 | D:13     | Reached skill level 1 in Armour
 18270 | D:13     | Killed a centaur warrior
 18532 | D:13     | Noticed a two-headed ogre
 18537 | D:13     | Killed a two-headed ogre
 18789 | D:13     | Found a gate to the Vaults.
 18789 | D:13     | Noticed an ironbound preserver
 18975 | D:13     | Killed an ironbound preserver
 18976 | D:13     | Reached skill level 10 in Spellcasting
 19131 | D:13     | Noticed an eight-headed hydra
 19138 | D:13     | Killed an eight-headed hydra
 19316 | D:13     | Noticed a boulder beetle
 19319 | D:13     | Noticed a two-headed ogre
 19339 | D:13     | Killed a boulder beetle
 19340 | D:13     | Reached skill level 10 in Conjurations
 19340 | D:13     | Reached XP level 13. HP: 50/76 MP: 20/27
 19969 | D:13     | Reached **** piety under Vehumet
 19983 | D:13     | Offered knowledge of Volatile Blastmotes by Vehumet.
 20690 | D:14     | Noticed Louise
 20700 | D:14     | Killed Louise
 21551 | D:15     | Entered Level 15 of the Dungeon
 22244 | Lair:1   | Entered Level 1 of the Lair of Beasts
 22278 | Lair:1   | Found a gate leading to a gauntlet.
 22287 | Gauntlet | Entered a Gauntlet
 22287 | Gauntlet | Found a transporter.
 22287 | Gauntlet | Found a transporter.
 22291 | Gauntlet | Found a transporter.
 22294 | Gauntlet | Found a transporter.
 22294 | Gauntlet | Found a transporter.
 22314 | Gauntlet | Found a transporter.
 22321 | Gauntlet | Found a transporter.
 22321 | Gauntlet | Found the ring of the Hare {EV+10}
 22395 | Gauntlet | Found a transporter.
 22395 | Gauntlet | Found a transporter.
 22398 | Gauntlet | Found a transporter.
 22473 | Gauntlet | Found a transporter.
 22523 | Gauntlet | Found a transporter.
 22525 | Gauntlet | Found a transporter.
 22526 | Gauntlet | Identified the amulet "Miqu" {rElec rC- Regen+ Str+4 Dex+2}
 22529 | Gauntlet | Got Sif Muna's Omnibus of Accomplices
 22552 | Gauntlet | Acquired the +0 pair of gloves "Ruicsec" {Str+2 SInv}
 22692 | Gauntlet | Noticed a minotaur
 22699 | Gauntlet | Killed a minotaur
 22700 | Gauntlet | Reached skill level 10 in Earth Magic
 22785 | Gauntlet | Identified the staff of earth "Keafra" {rF+}
 22785 | Gauntlet | Identified the staff of poison "Soeclicw" {rPois Int+3}
 23033 | Lair:1   | Gained mutation: Your large and strong wings let you fly.
                  | [Gargoyle growth]
 23033 | Lair:1   | Reached XP level 14. HP: 80/84 MP: 29/29
 23682 | Lair:2   | Noticed Nergalle
 23702 | Lair:2   | Killed Nergalle
 23765 | Lair:2   | Reached ***** piety under Vehumet
 23778 | Lair:2   | Offered knowledge of Plasma Beam by Vehumet.
 24244 | Lair:2   | Found a staircase to the Snake Pit.
 25198 | Lair:3   | Found a staircase to the Shoals.
 26020 | Lair:4   | Found a frozen archway.
 26055 | IceCv    | Entered an ice cave
 26061 | IceCv    | Reached skill level 10 in Fighting
 27730 | Lair:4   | Offered knowledge of Lee's Rapid Deconstruction by Vehumet.
 27887 | Lair:4   | Found a staircase to the Slime Pits.
 28042 | Lair:4   | Reached XP level 15. HP: 61/93 MP: 30/30
 28086 | Lair:4   | Learned a level 3 spell: Ignite Poison
 28218 | Lair:4   | Reached skill level 1 in Transmutations
 28545 | Lair:5   | Entered Level 5 of the Lair of Beasts
 28688 | Lair:5   | Noticed Snorg
 28716 | Lair:5   | Killed Snorg
 30445 | Lair:5   | Offered knowledge of Iron Shot by Vehumet.
 31676 | Orc:1    | Entered Level 1 of the Orcish Mines
 31892 | Orc:2    | Entered Level 2 of the Orcish Mines
 32096 | Orc:1    | You are sucked into a shaft and drop 1 floor!
 32115 | Orc:2    | Found a staircase to the Elven Halls.
 32474 | Orc:2    | Offered knowledge of Starburst by Vehumet.
 32898 | Orc:2    | Reached XP level 16. HP: 99/103 MP: 32/32
 32956 | Orc:2    | Learned a level 6 spell: Starburst
 34167 | Orc:2    | Found Ciniv's Weapon Shop.
 34170 | Orc:2    | Found Virgh's Antique Weapon Boutique.
 34171 | Orc:2    | Found Wuudgh Mabe's Distillery.
 34172 | Orc:2    | Found Husateo's Weapon Shop.
 34183 | Orc:2    | Bought a potion of berserk rage for 70 gold pieces
 34183 | Orc:2    | Bought a potion of lignification for 42 gold pieces
 34183 | Orc:2    | Bought 2 potions of might for 112 gold pieces
 34183 | Orc:2    | Bought a potion of might for 56 gold pieces
 34183 | Orc:2    | Bought a potion of cancellation for 112 gold pieces
 34183 | Orc:2    | Bought a potion of attraction for 42 gold pieces
 34183 | Orc:2    | Bought 3 potions of curing for 126 gold pieces
 34274 | Orc:2    | Found Inool's Jewellery Emporium.
 34286 | Orc:2    | Bought the ring of Grontol {Wiz rF++ Dex+3} for 1033 gold
                  | pieces
 34878 | D:15     | Reached skill level 1 in Shields
 35426 | D:15     | Found a staircase to the Depths.
 35663 | Depths:1 | Entered Level 1 of the Depths
 35932 | Depths:2 | Noticed a tengu reaver
 35955 | Depths:2 | Killed a tengu reaver
 36749 | Depths:1 | Reached skill level 5 in Shields
 37339 | Snake:1  | Entered Level 1 of the Snake Pit
 37493 | Snake:1  | Found Ditoraj's Antique Armour Emporium.
 37502 | Snake:1  | Bought a faintly humming robe for 188 gold pieces
 37502 | Snake:1  | Identified the +1 robe of the Old and Reckless {Int+2
                  | Slay+2} (You bought it in a shop on level 1 of the Snake
                  | Pit)
 37564 | Snake:1  | Reached XP level 17. HP: 100/108 MP: 34/34
 38816 | Snake:2  | Found a blossoming altar of Fedhas.
 38858 | Snake:2  | Found a transporter.
 38861 | Snake:2  | Noticed robbje's ghost (adept HuNe)
 38883 | Snake:2  | Noticed Aizul
 38895 | Snake:2  | Killed Aizul
 39039 | Snake:2  | Found a transporter.
 39085 | Snake:2  | Reached ****** piety under Vehumet
 39085 | Snake:2  | Offered knowledge of Arcjolt by Vehumet.
 39227 | Snake:2  | Reached skill level 15 in Conjurations
 39882 | Snake:2  | Reached skill level 15 in Earth Magic
 39929 | Snake:2  | Found Heycu Oleon's Antique Armour Emporium.
 39935 | Snake:2  | Bought a fabulously ornate robe for 210 gold pieces
 39935 | Snake:2  | Identified the +0 robe of Omission {rElec} (You bought it
                  | in a shop on level 2 of the Snake Pit)
 41658 | Snake:4  | Entered Level 4 of the Snake Pit
 41834 | Snake:4  | Reached XP level 18. HP: 114/114 MP: 36/36
 42202 | Snake:4  | Offered knowledge of Eringya's Noxious Bog by Vehumet.
 42406 | Snake:4  | Reached skill level 10 in Maces & Flails
 42534 | Snake:4  | Reached skill level 5 in Evocations
 42992 | Snake:4  | Noticed Vashnia
 42994 | Snake:4  | Noticed Mlioglotl
 43129 | Snake:4  | Killed Mlioglotl
 43339 | Snake:4  | Killed Vashnia
 43465 | Snake:4  | Acquired the ring "Aczes" {rC+ Will++ rCorr Str+9 Int-4}
 43665 | Snake:4  | Got a serpentine rune of Zot
 43985 | Shoals:1 | Entered Level 1 of the Shoals
 44262 | Shoals:1 | Offered knowledge of Spellforged Servitor by Vehumet.
 44269 | Shoals:1 | Acquired 1232 gold pieces
 44853 | Shoals:2 | Noticed Polyphemus
 44865 | Shoals:2 | Slain by Polyphemus

Illustrated notes

Levels and vault maps discovered:
D:1:      reono_arrival_mine, layout_loops_ring, serial_shops,
          nicolae_shop_rolled_up, chequers_serial_rivers_micro_a
D:2:      layout_loops_ring, uniq_sigmund
D:3:      layout_basic, uniq_robin
D:4:      layout_cave_pods
D:5:      layout_loops_corners, ebering_ghost_reflecting_pool
D:6:      layout_loops_ring, lemuel_temple_firewalk_b, grunt_decor_resistance,
          uniq_menkaure, uniq_edmund
D:7:      layout_rooms, gammafunk_temple_overflow_claw, hangedman_decor_growths,
          eino_jars, uniq_pikel
D:8:      layout_cave_pools, enter_bailey_3
D:9:      hellmonk_destroyed_diamonds, layout_rooms, minmay_orc_entry_guard_dogs
D:10:     layout_roguey, mainiacjoe_overflow_swirl, lair_entry_dummy,
          serial_bayou_lagoon_b
D:11:     layout_loops_ring, disabler_island
D:12:     layout_long_grid
D:13:     layout_irregular_city, skrybe_vaults_entry_preservation
D:14:     layout_irregular_city, uniq_louise
D:15:     grunt_enter_depths_giant_problem, layout_gridville, minivault_25
Temple:   sentei_temple_godly_chess
Lair:1:   layout_misc_corridors, gauntlet_entry_generic, nicolae_lair_lil_pond
Lair:2:   layout_roguey, nicolae_snake_entry_warm_welcome,
          eino_house_with_fridge, infiniplex_staircase_pool_2, uniq_nergalle
Lair:3:   layout_cave_pods, elwin_shoals_entry_rooms
Lair:4:   layout_long_grid, slime_entry_1, portal_ice_cave_entry_pillars_1,
          grunt_megastairs_4
Lair:5:   due_jungle_book, layout_big_grid, grunt_forest_large_clearing_hut,
          uniq_snorg
Shoals:1: layout_shoals, uniq_aizul
Shoals:2: layout_shoals, nicolae_shoals_lost_giant_temple, uniq_polyphemus,
          uniq_ilsuiw
Snake:1:  layout_grid_maze, serial_shops, nicolae_shop_advertising_works
          [nicolae_subvault_shop_adworks]
Snake:2:  nicolae_aizul_guard, layout_onion_interference, serial_shops,
          nicolae_shop_rolling_square, gammafunk_ghost_berserking_beasts,
          basic_altar, drop_trap
Snake:3:  layout_onion, nicolae_snake_guarding_the_ruins, nicolae_integral_box
Snake:4:  grunt_snake_rune_serpentine_throne, layout_gridlike,
          serial_bayou_shore_b, lemuel_fruit_tree, uniq_mlioglotl
Orc:1:    layout_caves, serial_shops, lightli_orcish_oven
Orc:2:    st_orc_pillars, layout_caves, serial_shops, shop
Depths:1: layout_roguey, nrook_mini_backslash, hell_entry, enter_trove_2,
          nicolae_yredelemnul_corpse_copse, grunt_megastairs_3
Depths:2: minmay_the_grid_square_5x5_5x5_mashed
          [minmay_the_grid_square_5x5_inner_z,
          minmay_the_grid_square_5x5_dogpile,
          minmay_the_grid_square_5x5_shuriken,
          minmay_the_grid_square_5x5_inner_i,
          minmay_the_grid_square_5x5_minivault, minmay_the_grid_square_5x5_six,
          minmay_the_grid_square_5x5_prize_deathbox,
          minmay_the_grid_square_5x5_tetrominoes,
          minmay_the_grid_square_5x5_prize_rear_guard,
          minmay_the_grid_square_5x5_inverted_slash,
          minmay_the_grid_square_5x5_three_small,
          minmay_the_grid_square_5x5_mess,
          minmay_the_grid_square_5x5_prize_snowflake,
          minmay_the_grid_square_5x5_three_walls, minmay_the_grid_square_5x5_n,
          minmay_the_grid_square_5x5_half_checkered,
          minmay_the_grid_square_5x5_prize_gold,
          minmay_the_grid_square_5x5_shrine1,
          minmay_the_grid_square_5x5_prize_itemx,
          minmay_the_grid_square_5x5_percent, minmay_the_grid_square_5x5_spiral,
          minmay_the_grid_square_5x5_inner_v,
          minmay_the_grid_square_5x5_moneybag,
          minmay_the_grid_square_5x5_beaten_path,
          minmay_the_grid_square_5x5_broken_cross], layout_cave_pools,
          enter_ziggurat_d, nzn_wu_jian_council_hall, rand_demon_pan_entry_9,
          hangedman_coc_ice_floe

Skill      XL: |  1  2  3  4  5  6  7  8  9 10 11 12 13 14 15 16 17 18 |
---------------+-------------------------------------------------------+-----
Fighting       | 1 2 3 5 7 8 10 12 13 14 | 14.0
Earth Magic    | 4 5 6 8 10 11 12 14 15 16 | 16.1
Conjurations   | 2 3 4 6 8 10 11 12 14 15 16 | 16.1
Spellcasting   | 3 4 5 7 8 9 10 11 12 13 14 | 14.8
Maces & Flails | 1 2 3 5 7 8 9 10 | 10.7
Fire Magic     | 3 6 7 8 |  8.8
Poison Magic   | 3 |  3.1
Air Magic      | 2 |  2.5
Dodging        | 4 |  4.2
Necromancy     | 3 |  3.7
Translocations | 2 |  2.0
Evocations     | 3 4 6 |  6.1
Armour         | 3 4 |  4.0
Transmutations | 2 |  2.8
Shields        | 5 7 |  7.7
Stealth        | |  2.1

Action                     |  1- 3 |  4- 6 |  7- 9 | 10-12 | 13-15 | 16-18 || total
---------------------------+-------+-------+-------+-------+-------+-------++-------
  Melee: Unarmed           |    13 |       |       |       |       |       ||    13
         Whip              |    27 |    22 |       |       |       |       ||    49
         Mace              |       |    13 |       |       |       |       ||    13
         Flail             |       |     2 |    44 |   229 |    12 |       ||   287
         Staff             |       |       |    33 |       |       |       ||    33
         Punch             |       |       |     1 |     5 |    19 |     8 ||    33
         Eveningstar       |       |       |       |       |  1073 |  1019 ||  2092
   Cast: Sandblast         |    47 |     8 |    15 |     3 |     2 |       ||    75
         Stone Arrow       |     1 |    20 |    90 |   194 |   193 |   131 ||   629
         Fireball          |       |       |     7 |    30 |    48 |    44 ||   129
         Mephitic Cloud    |       |       |       |    21 |    12 |     1 ||    34
         Iskenderun's Myst |       |       |       |     8 |    57 |    90 ||   155
         Dispel Undead     |       |       |       |     1 |     7 |     3 ||    11
         Iskenderun's Batt |       |       |       |     1 |     6 |     4 ||    11
         Ignite Poison     |       |       |       |       |     1 |     1 ||     2
         Starburst         |       |       |       |       |       |    46 ||    46
  Evoke: Wand              |     5 |     4 |       |     2 |     5 |     8 ||    24
    Use: Potion            |     4 |       |     1 |     6 |     2 |    10 ||    23
         Scroll            |     1 |     2 |     7 |    18 |    15 |    12 ||    55
   Stab: Confused          |       |       |       |     5 |     4 |       ||     9
         Invisible         |       |       |       |     1 |       |       ||     1
         Sleeping          |       |       |       |       |     1 |     3 ||     4
         Petrified         |       |       |       |       |     3 |       ||     3
         Distracted        |       |       |       |       |     2 |       ||     2
 Armour: Robe              |    27 |    17 |    54 |   214 |   748 |   410 ||  1470
  Dodge: Dodged            |    37 |    39 |    78 |   241 |  1732 |  1161 ||  3288
  Block: Buckler           |       |       |       |       |       |   334 ||   334
         Tower shield      |       |       |       |       |       |   150 ||   150
         Reflection        |       |       |       |       |       |     3 ||     3
